 Dungeon Crawl Stone Soup version 0.19.5 (webtiles) character file.

104 equalderp2856 the Scratcher (level 4, -5/21 HPs)
             Began as a Felid Fighter on Mar 29, 2017.
             Slain by a phantom (8 damage)
             ... on level 4 of the Dungeon.
             The game lasted 00:09:20 (3367 turns).

equalderp2856 the Scratcher (Felid Fighter)         Turns: 3367, Time: 00:09:20

Health: -5/21      AC:  1    Str: 13    XL:     4   Next: 52%
Magic:  5/5        EV: 20    Int:  9    God:
Gold:   121        SH:  0    Dex: 16    Spells: 0 memorised, 3 levels left
                                        Lives:  0   Deaths: 1

rFire  . . .     SeeInvis +       - Unarmed
rCold  . . .     Gourm    .     (armour unavailable)
rNeg   . . .     Faith    .     (shield unavailable)
rPois  .         Spirit   .     (helmet unavailable)
rElec  .         Reflect  .     (cloak unavailable)
rCorr  .         Harm     .     (gloves unavailable)
MR     .....                    (boots unavailable)
Stlth  +++.......               (no amulet)
                                (no ring)
                                (no ring)

@: quick
A: no armour, no weapons or thrown items, stealth, claws 1, fangs 3, see
invisible, carnivore 3, speed 1, shaggy fur 1, slow metabolism 1, sharp paws
a: no special abilities


You were on level 4 of the Dungeon.
You were not hungry.

You visited 1 branch of the dungeon, and saw 4 of its levels.

You collected 121 gold pieces.

Inventory:

Missiles
 i - 64 arrows
Jewellery
 g - an uncursed ring of protection from cold {unknown}
Scrolls
 c - a scroll of enchant weapon {unknown}
 d - a scroll of enchant armour {unknown}
 e - a scroll of fog {unknown}
 f - 4 scrolls of identify {unknown}
 h - 4 scrolls of teleportation {unknown}
 k - a scroll of remove curse {unknown}
 l - 3 scrolls of recharging {unknown}
 p - a scroll of fear {unknown}
Potions
 a - a potion of might
 n - a potion of degeneration {unknown}
 q - a potion of berserk rage {unknown}
 r - a potion of cure mutation {unknown}
 s - a potion of flight {unknown}
Books
 t - a book of Callings

   Spells                             Type                      Level
   a - Summon Small Mammal            Summoning                    1
   b - Call Imp                       Summoning                    2
   c - Call Canine Familiar           Summoning                    3
   d - Summon Guardian Golem          Hexes/Summoning              3
   e - Summon Lightning Spire         Summoning/Air                4
   f - Summon Ice Beast               Ice/Summoning                4
Comestibles
 b - a meat ration
 j - a beef jerky
 o - a slice of pizza


   Skills:
 + Level 3.4 Fighting
 + Level 4.5 Dodging
 + Level 3.5 Stealth
 + Level 5.8 Unarmed Combat


You had 3 spell levels left.
You didn't know any spells.

Dungeon Overview and Level Annotations

Branches:
Dungeon (4/15)
 Temple: D:4-7

Altars:
Cheibriados
Fedhas
Makhleb
Ru

Portals:
Sewer: D:4


Innate Abilities, Weirdness & Mutations

You cannot wear armour.
You are incapable of wielding weapons or throwing items.
Your paws allow you to move quietly. (Stealth)
You have sharp claws.
You have razor-sharp teeth.
You have supernaturally acute eyesight. (SInv)
You are carnivorous and can eat meat at any time.
You cover ground quickly.
You are covered in fur. (AC +1)
You have a slow metabolism.
Your sharp claws are effective at attacking unaware monsters.


Message History

You barely miss the phantom. Your bite misses the phantom.
The phantom hits you.
You miss the phantom. The phantom completely misses you.
You claw the phantom!
The phantom is moderately damaged.
The phantom closely misses you.
You barely miss the phantom.
The phantom is moderately damaged.
The phantom hits you.
You scratch the phantom.
The phantom is moderately damaged.
The phantom hits you!
* * * LOW HITPOINT WARNING * * *
You miss the phantom.
The phantom is moderately damaged.
The phantom completely misses you.
You closely miss the phantom.
The phantom is moderately damaged.
The phantom hits you!
You die...

#..†.......###......##....####...
#..#######....<).........## #...
#..#≈≈≈≈≈#................####...
#..#≈†r≈≈#....#...(..........#...
...#rrr≈≈#......................)
...#Oh≈≈≈#...=#.......##...#.#...
...'######....#..........<.#.....
......................#..#####...
......†<##.....W@........#####>..
.........#...................#...
##............#.#######......###.
..............#.# #......# ##
###...........#.# #......#
#............#. #......#
#............#. #......#
#.......###.##. ########


You could see a phantom.

Vanquished Creatures
  A scorpion (D:4)
  8 adders
  2 oozes
  2 worms
  2 dart slugs
  A leopard gecko (D:3)
  4 orcs
  4 giant cockroaches
  6 hobgoblins
  A jackal (D:4)
  5 kobolds
  A ball python (D:3)
  6 bats
  3 frilled lizards
  7 goblins
  9 rats
62 creatures vanquished.

Notes
Turn   | Place    | Note
-------+----------+-------------------------------------------
     0 | D:1      | equalderp2856 the Felid Fighter began the quest for the Orb.
     0 | D:1      | Reached XP level 1. HP: 10/10 MP: 2/2
   226 | D:1      | Reached XP level 2. HP: 5/14 MP: 3/3
  1102 | D:2      | Reached skill level 1 in Stealth
  1102 | D:2      | Reached XP level 3. HP: 17/17 MP: 4/4
  2117 | D:2      | Reached skill level 5 in Unarmed Combat
  2117 | D:2      | Reached XP level 4. HP: 17/21 MP: 5/5
  2258 | D:3      | Found a blossoming altar of Fedhas.
  2275 | D:3      | Found a sacrificial altar of Ru.
  2287 | D:3      | Found a snail-covered altar of Cheibriados.
  2298 | D:3      | Found a burning altar of Makhleb.
  3125 | D:4      | Noticed a phantom
  3153 | D:4      | Reached XP level 5. HP: 9/24 MP: 6/6
  3280 | D:4      | Noticed an ogre
  3294 | D:4      | Found a glowing drain.
  3344 | D:4      | Slain by a river rat
  3345 | D:4      | Reached XP level 4. HP: -4/21 MP: 5/5
  3367 | D:4      | Slain by a phantom

Skill      XL: |  1  2  3  4 |
---------------+-------------+-----
Stealth        | 1 3 |  3.5
Unarmed Combat | 5 |  5.8
Fighting       | |  3.4
Dodging        | |  4.5

Action                   |  1- 3 |  4- 6 || total
-------------------------+-------+-------++-------
Melee: Unarmed           |    93 |    83 ||   176
       Punch             |     2 |     2 ||     4
       Bite              |     9 |     6 ||    15
  Use: Potion            |       |     1 ||     1
 Stab: Sleeping          |     4 |     7 ||    11
       Distracted        |     1 |       ||     1
  Eat: Chunk             |     1 |     4 ||     5
Armor: Skin              |     4 |     2 ||     6
Dodge: Dodged            |    84 |    84 ||   168
